 Dungeon Crawl Stone Soup version 0.31-a0-846-gb3bcc0d938 (webtiles) character file.

Game seed: 825160197269334748

4027 lunkers the Grappler (level 10, -5/115 HPs)
             Began as a Meteoran Shapeshifter on Oct 3, 2023.
             Was a Follower of Okawaru.
             Slain by a death yak (13 damage)
             ... on level 9 of the Dungeon.
             The game lasted 00:13:39 (4055 turns).

lunkers the Grappler (Meteoran Shapeshifter)        Turns: 4055, Time: 00:13:39

Health: -5/115     AC: 25    Str: 19    XL:     10   Next: 76%
Magic:  13/13      EV:  2    Int: 13    God:    Okawaru [*.....]
Gold:   292        SH:  4    Dex: 14    Spells: 9/9 levels left

rFire   . .          .
                       - Unarmed
rCold   . . .        y - +0 buckler
rNeg    . . .        w - melded +1 ring mail {rPois}
rPois   +            (helmet currently unavailable)
rElec   .            (cloak currently unavailable)
rCorr   .            (gloves currently unavailable)
SInv    .            (boots currently unavailable)
Will    +....        (no amulet)
Stlth   +            (no ring)
HPRegen 0.39/turn    (no ring)
MPRegen 0.13/turn

%: no passive effects
@: lethally poisoned (-5 -> -9), tree-form, glowing
A: stationary, stasis, torment immunity, boosted hp, sense surroundings 2,
otherworldly, glowing, explore regen
a: Renounce Religion, Heroism


You were on level 9 of the Dungeon.
You worshipped Okawaru.
Okawaru was aware of your devotion.
You were a tree.
You visited 2 branches of the dungeon, and saw 10 of its levels.
You also visited: Sewer.

You collected 292 gold pieces.

Inventory:

Armour
 a - a +0 animal skin
 e - a +0 pair of gloves
 f - a +0 ring mail
 g - a +0 helmet
 k - a +0 plate armour
 l - a +0 pair of boots
 p - +0 steam dragon scales
 w - a +1 ring mail of poison resistance (melded)
 y - a +0 buckler (worn)
Jewellery
 B - a ring of resist corrosion
Talismans
 c - a beast talisman
 d - a flux talisman
 n - a blade talisman
Wands
 h - a wand of polymorph (11)
 z - a wand of iceblast (6)
Scrolls
 j - a scroll of revelation
 m - 8 scrolls of teleportation
 o - a scroll of poison
Potions
 b - 2 potions of curing
 i - a potion of mutation {unknown}
 q - a potion of heal wounds
 r - 2 potions of ambrosia
 s - 2 potions of enlightenment
 t - a potion of invisibility {unknown}
 u - 2 potions of might
 v - a potion of haste {unknown}
 x - a potion of resistance {unknown}


   Skills:
 + Level 3.0 Fighting
 + Level 3.6 Dodging
 * Level 13.7 Unarmed Combat
 + Level 3.1 Invocations
 + Level 9.5 Shapeshifting


You had 9 spell levels left.
You didn't know any spells.
Your spell library contained the following spells:

 Spells                   Type           Power      Damage    Failure   Level
 Ensorcelled Hibernation  Hex/Ice        0%         N/A       52%         2
 Passwall                 Tmut/Erth      0%         N/A       52%         2
 Wereblood                Tmut           0%         N/A       52%         2
 Ignite Poison            Fire/Tmut/Pois 0%         N/A       75%         3
 Inner Flame              Hex/Fire       0%         N/A       75%         3
 Swiftness                Air            0%         N/A       75%         3
 Volatile Blastmotes      Fire/Tloc      0%         2d10      75%         3
 Flame Wave               Conj/Fire      0%         2d4       98%         4
 Fulminant Prism          Conj/Hex       0%         3d5       98%         4
 Iskenderun's Mystic Bla  Conj/Tloc      0%         2d3       98%         4
 Sticky Flame             Conj/Fire      0%         2d3       98%         4
 Fireball                 Conj/Fire      0%         3d3       100%        5
 Irradiate                Conj/Tmut      0%         3d11      100%        5
 Yara's Violent Unravell  Hex/Tmut       0%         3d3       100%        5
 Eringya's Noxious Bog    Tmut/Pois      0%         4d6       100%        6


Dungeon Overview and Level Annotations

Branches:
Dungeon (9/15) Zot: 1790   Temple (1/1) D:7 Zot: 573    Lair (0/5) D:9
  Sewer (visited)
    Orc: D:9-12

Altars:
Ashenzari
Cheibriados
Dithmenos
Elyvilon
Fedhas
Gozag
Hepliaklqana
Kikubaaqudgha
Makhleb
Nemelex Xobeh
Okawaru
Ru
Sif Muna
Trog
Vehumet
Wu Jian
Yredelemnul
Zin
The Shining One

Shops:
D:6 *

Annotations:
D:3 3 runed translucent doors, Barthur98's ghost, weakling OpWn; greenreed's ghost, amateur OpSh


Innate Abilities, Weirdness & Mutations

You are a tree.
Your roots penetrate the ground, keeping you stationary.
You cannot be teleported.
You are immune to unholy pain and torment.
Your maximum health is greatly increased.
Your equipment is partially melded.
You passively map the area around you.
You are easily found by Zot.
You glow in the dark.
You regain HP and MP as you explore.


Message History

The death yak is heavily wounded.
You feel sick.
The killer bee stings you but does no damage.
You block the killer bee's attack.
The death yak gores you but does no damage.
The killer bee stings you but does no damage.
The killer bee barely misses you.
The death yak gores you but does no damage.
Unknown command.
You smack the death yak!
The death yak is severely wounded.
The killer bee stings you but does no damage.
You block the killer bee's attack.
Unknown command.
You pummel the death yak!!
The death yak is almost dead.
You feel like a meek peon again.
You feel sick.
You are no longer poisoned.
The killer bee stings you but does no damage. x2
The death yak completely misses you. The killer bee stings you.
* * * LOW HITPOINT WARNING * * *
You are poisoned.
The killer bee poisons you!
You barely miss the death yak.
The death yak is almost dead.
You feel sick.
The death yak gores you but does no damage.
You block the killer bee's attack. The death yak gores you!
* * * LOW HITPOINT WARNING * * *
The death yak gores you.
* * * LOW HITPOINT WARNING * * *
You hit the death yak.
The death yak is almost dead.
You feel sick. The killer bee barely misses you. The death yak gores you.
* * * LOW HITPOINT WARNING * * *
The death yak gores you!
* * * LOW HITPOINT WARNING * * *
The death yak gores you!
You die...

, ,, #.........# *#####
###########.........# , ,
...............[....# , ,
,, ....................#
....................# **
, ,
.......>...>........### *
*
............####yY..[.#,
, , ,, ............#
#YYy...#.,, ,
............# #♣Y......,
, , * ............#
#YY......, ,
............# *#........
, , ..............
.........
########################*


You could see 6 death yaks and 2 killer bees.

Vanquished Creatures
  Grinder (D:5)
  Sigmund (D:5)
  A steam dragon (D:7)
  3 orc warriors
  2 ice beasts
  3 sky beasts (D:7)
  2 black bears
  A centaur (D:9)
  3 phantoms
  A kobold brigand (Sewer)
  A bullfrog (D:5)
  A necrophage (D:5)
  A gnoll sergeant (D:9)
  2 water moccasin zombies (D:5)
  5 wights
  4 killer bees (D:9)
  6 howler monkeys (D:8)
  A crimson imp (D:4)
  A bullfrog zombie (D:5)
  A centaur zombie (D:5)
  A human zombie (D:5)
  4 hounds
  3 orc priests
  4 jellies
  4 sleepcaps
  4 iguanas
  4 orc wizards
  A scorpion zombie (D:5)
  A hound zombie (D:5)
  2 mummies (D:5)
  Robin (D:4)
  13 adders
  16 gnolls
  A river rat (Sewer)
  A shadow imp (D:5)
  An ufetubus (D:6)
  An adder zombie (D:5)
  3 worms
  6 dart slugs
  34 orcs
  7 ball pythons
  2 bats
  3 endoplasms
  A giant cockroach (D:1)
  10 goblins
  6 hobgoblins
  2 jackals (Sewer)
  7 kobolds
  3 quokkas
  9 frilled lizards
  A goblin skeleton (D:4)
  A goblin zombie (D:4)
  5 hobgoblin zombies (D:4)
  2 orc skeletons (D:4)
  8 rats
213 creatures vanquished.

Notes
Turn   | Place    | Note
-------+----------+-------------------------------------------
     0 | D:1      | lunkers the Meteoran Shapeshifter began the quest for the
                  | Orb.
     0 | D:1      | Reached XP level 1. HP: 16/16 MP: 2/2
    77 | D:1      | Reached XP level 2. HP: 18/23 MP: 3/3
   105 | D:1      | Reached skill level 4 in Unarmed Combat
   459 | D:2      | Reached XP level 3. HP: 28/28 MP: 4/4
   601 | D:2      | Reached XP level 4. HP: 28/35 MP: 5/5
   610 | D:2      | Reached skill level 5 in Unarmed Combat
   849 | D:3      | Reached XP level 5. HP: 25/40 MP: 6/6
   855 | D:3      | Found a white marble altar of Elyvilon.
   988 | D:3      | Found a runed translucent gate.
   988 | D:3      | Found a runed translucent gate.
   989 | D:3      | Found a runed translucent gate.
   989 | D:3      | Noticed greenreed's ghost (amateur OpSh)
   989 | D:3      | Noticed Barthur98's ghost (weakling OpWn)
  1003 | D:3      | Found a snail-covered altar of Cheibriados.
  1126 | D:4      | Noticed a black bear
  1145 | D:4      | Reached skill level 6 in Unarmed Combat
  1152 | D:4      | Reached XP level 6. HP: 47/47 MP: 7/7
  1154 | D:4      | Killed a black bear
  1155 | D:4      | Reached skill level 5 in Shapeshifting
  1199 | D:4      | Reached skill level 7 in Unarmed Combat
  1286 | D:4      | Found a glowing drain.
  1307 | Sewer    | Entered a sewer
  1350 | Sewer    | Reached XP level 7. HP: 49/52 MP: 8/8
  1654 | D:4      | Found a glowing golden altar of the Shining One.
  1672 | D:4      | Reached skill level 8 in Unarmed Combat
  1776 | D:4      | Noticed Robin
  1796 | D:4      | Killed Robin
  1819 | D:5      | Entered Level 5 of the Dungeon
  1827 | D:5      | Reached XP level 8. HP: 58/59 MP: 9/9
  1867 | D:5      | Reached skill level 9 in Unarmed Combat
  1903 | D:5      | Noticed Grinder
  1928 | D:5      | Killed Grinder
  1953 | D:5      | Reached skill level 10 in Unarmed Combat
  1965 | D:5      | Gained mutation: You passively map the area around you.
                  | [Meteoran growth]
  1965 | D:5      | Reached XP level 9. HP: 20/64 MP: 10/10
  1988 | D:5      | Found an ancient bone altar of Kikubaaqudgha.
  2083 | D:5      | Noticed Sigmund
  2095 | D:5      | Killed Sigmund
  2096 | D:5      | Reached skill level 11 in Unarmed Combat
  2225 | D:6      | Got a fuliginous book
  2630 | D:6      | Found Jimue's Overcharged Wands.
  2744 | D:7      | Reached skill level 12 in Unarmed Combat
  2798 | D:7      | Reached XP level 10. HP: 40/71 MP: 11/11
  2998 | D:7      | Found a staircase to the Ecumenical Temple.
  3043 | Temple   | Entered the Ecumenical Temple
  3056 | Temple   | Became a worshipper of Warmaster Okawaru
  3176 | D:5      | Found a runed translucent door.
  3184 | D:5      | Reached skill level 13 in Unarmed Combat
  3265 | D:5      | Reached skill level 1 in Invocations
  3267 | D:5      | HP: 3/72 [orc/+0 dagger (2)]
  3752 | D:9      | HP: 3/74 [gnoll/+0 spear[a gnoll sergeant] (6)]
  3756 | D:9      | Reached * piety under Okawaru
  4024 | D:9      | Noticed a death yak
  4029 | D:9      | Noticed a death yak
  4039 | D:9      | Noticed a death yak
  4042 | D:9      | Noticed a death yak
  4045 | D:9      | Noticed a death yak
  4048 | D:9      | Noticed a death yak
  4055 | D:9      | Slain by a death yak

Illustrated notes

Levels and vault maps discovered:
D:1:      lightli_arrival_boilingwater, layout_basic, hangedman_decor_growths
D:2:      layout_loops_ring, minmay_circle_x
D:3:      layout_loops_corners, lemuel_doored_altar,
          mainiacjoe_overflow_surrounded_room,
          mainiacjoe_overflow_concentric_impassable,
          ebering_ecumenical_altar_mist, gammafunk_ghost_cemetery,
          minmay_between
D:4:      layout_basic, nicolae_tso_besieged_by_evil, portal_sewer_entry_b,
          uniq_duvessa, uniq_pikel, uniq_robin
D:5:      layout_basic, lemuel_mausoleum_altar_kikubaaqudgha,
          lightli_church_of_beogh, uniq_grinder, uniq_sigmund
D:6:      layout_cave_pods, nicolae_shop_overcharged_wands
D:7:      layout_cave_pools, minmay_temple_entry_large_hall,
          minmay_fractal_squares_gapless_5
D:8:      layout_basic, uniq_psyche
D:9:      layout_stronghold, nicolae_overflow_hidden_temple, dpeg_lair_monsters
Temple:   nicolae_temple_superstar

Skill      XL: |  1  2  3  4  5  6  7  8  9 10 |
---------------+-------------------------------+-----
Unarmed Combat | 4 5 6 7 8 10 12 13 | 13.7
Shapeshifting  | 4 5 6 7 8 9 |  9.5
Invocations    | 3 |  3.1
Fighting       | 3 |  3.0
Dodging        | 3 |  3.6

Action                     |  1- 3 |  4- 6 |  7- 9 | 10-12 || total
---------------------------+-------+-------+-------+-------++-------
  Melee: Unarmed           |    51 |   117 |   308 |   194 ||   670
         Punch             |       |     3 |    18 |    11 ||    32
 Invoke: Heroism           |       |       |       |     1 ||     1
    Use: Potion            |       |     1 |       |     4 ||     5
         Scroll            |       |       |    11 |     4 ||    15
 Armour: Animal skin       |     7 |       |       |       ||     7
         Ring mail         |    12 |    65 |   172 |    54 ||   303
         Skin              |       |    20 |       |    59 ||    79
         Steam dragon scal |       |       |       |    58 ||    58
  Dodge: Dodged            |    33 |    49 |   139 |    90 ||   311
  Block: Buckler           |       |       |       |    15 ||    15
   Form: Blade             |       |     1 |       |       ||     1
         Beast             |       |     1 |       |       ||     1

Table legend: (Time is in decaauts)
 A = Elapsed time spent in this place.
 B = Non-inter-level travel time spent in this place.
 C = Inter-level travel time spent in this place.
 D = Time resting spent in this place.
 E = Time spent auto-exploring this place.
 F = Levels seen in this place.
 G = Mean time per level.
                   A        B        C        D        E       F      G
               +--------+--------+--------+--------+--------+-----+--------+
         Total |   4008 |   3957 |     51 |     22 |   2157 |  11 |  364.4 |
       Dungeon |   3608 |   3570 |     38 |     22 |   1957 |   9 |  400.9 |
        Temple |     26 |     13 |     13 |      0 |      0 |   1 |   26.0 |
         Sewer |    373 |    373 |      0 |      0 |    200 |   1 |  373.0 |
               +--------+--------+--------+--------+--------+-----+--------+

Top non-repeatable levels by time:
     D:6: 657 daAuts
     D:5: 542 daAuts
     D:2: 528 daAuts
     D:7: 382 daAuts
   Sewer: 373 daAuts
     D:4: 359 daAuts
     D:9: 311 daAuts
     D:1: 306 daAuts
     D:3: 283 daAuts
     D:8: 238 daAuts
  Temple: 26 daAuts
